 Dungeon Crawl Stone Soup version 0.30-a0-123-g91d0c66ccf (webtiles) character file.

Game seed: 13123092470012318312

853 dmks the Digger (level 7, -2/50 HPs)
             Began as a Black Draconian Earth Elementalist on Sept 17, 2022.
             Slain by an orc warrior
             ... wielding a +0 flail
              (11 damage)
             ... on level 4 of the Dungeon.
             The game lasted 00:32:45 (7764 turns).

dmks the Digger (DrEE)                              Turns: 7764, Time: 00:32:46

Health: -2/50      AC: 10    Str: 11    XL:     7   Next: 70%
Magic:  5/13       EV: 12    Int: 17    God:
Gold:   35         SH:  0    Dex: 11    Spells: 7/14 levels left

rFire   . . .      SeeInvis .    j - +5 whip
rCold   . . .      Faith    .    (no shield)
rNeg    . . .      Spirit   .    (body armour unavailable)
rPois   +          Reflect  .    g - +2 hat
rElec   +          Harm     .    k - +1 cloak
rCorr   .          Rampage  .    (no gloves)
Will    .....                    (no boots)
Stlth   ++........               (no amulet)
HPRegen 0.16/turn                s - ring of poison resistance
MPRegen 0.13/turn                b - +4 ring of slaying

@: no status effects
A: breathe lightning, AC +6, unfitting armour, electricity resistance,
cold-blooded, mutation resistance 1, subdued magic 1
a: Breathe Lightning


You were on level 4 of the Dungeon.
You visited 1 branch of the dungeon, and saw 6 of its levels.

You collected 277 gold pieces.
You spent 242 gold pieces at shops.

Inventory:

Hand Weapons
 f - a +0 dagger
   (You took it off a goblin on level 1 of the Dungeon)
 i - a +0 spear
   (You found it on level 2 of the Dungeon)
 j - a +5 whip (weapon)
   (You found it on level 2 of the Dungeon)
 o - a +0 spear
   (You took it off a gnoll on level 5 of the Dungeon)
Missiles
 c - 2 throwing nets {!f}
 l - 34 stones
Armour
 g - a +2 hat (worn)
   (You found it on level 4 of the Dungeon)
 k - a +1 cloak (worn)
   (You found it on level 2 of the Dungeon)
Jewellery
 b - a +4 ring of slaying (right hand)
   (You found it on level 4 of the Dungeon)
 s - a ring of poison resistance (left hand)
   (You found it on level 3 of the Dungeon)
Wands
 t - a wand of flame (15)
   (You took it off a gnoll on level 4 of the Dungeon)
Scrolls
 d - a scroll of teleportation {@r4}
 m - 2 scrolls of identify {@r1}
 p - a scroll of vulnerability {unknown}
Potions
 a - 2 potions of magic
 e - a potion of haste {unknown}
 n - a potion of resistance
 q - a potion of degeneration {unknown}
 r - a potion of mutation {!q}


   Skills:
 + Level 3.6 Dodging
 + Level 3.9 Stealth
 + Level 4.4 Spellcasting
 + Level 0.4 Conjurations
 + Level 2.8 Transmutations
 * Level 1.0 Air Magic
 - Level 4.5 Earth Magic


You had 7 spell levels left.
You knew the following spells:

 Your Spells              Type           Power      Damage    Failure   Level
a - Sandblast             Erth           28%        2d8       1%          1
b - Shock                 Conj/Air       16%        1d4       10%         1
q - Passwall              Tmut/Erth      10%        N/A       3%          2
x - Stone Arrow           Conj/Erth      18%        3d8       14%         3

Your spell library contained the following spells:

 Spells                   Type           Power      Damage    Failure   Level
 Magic Dart               Conj           12%        1d3       11%         1
 Searing Ray              Conj           6%         2d4       16%         2
 Cigotuvi's Dreadful Rot  Necr/Pois/Air  6%         N/A       17%         2
 Swiftness                Air            5%         N/A       26%         3
 Petrify                  Tmut/Erth      12%        N/A       28%         4
 Airstrike                Air            2%         2d(1-17)  65%         4
 Fulminant Prism          Conj/Hex       1%         3d6       77%         4
 Dispel Undead            Necr           2%         3d7       80%         4
 Death Channel            Necr           1%         N/A       100%        6


Dungeon Overview and Level Annotations

Branches:
Dungeon (6/15)
 Temple: D:4-7

Altars:
Gozag

Shops:
D:1 :   D:2 :

Annotations:
D:3 Duvessa


Innate Abilities, Weirdness & Mutations

You can breathe wild blasts of lightning.
Your glossy black scales are hard. (AC +6)
You cannot fit into any form of body armour.
You are resistant to electric shocks. (rElec)
You are cold-blooded and may be slowed by cold attacks.
You are somewhat resistant to further mutation.
Your spells are a little easier to cast, but a little less powerful.


Message History

The orc warrior hits you but does no damage.
You don't know that spell.
Activating: Breathe Lightning (5% risk of failure) Look: an orc warrior, wielding a +0 flail and wearing a +0 chain mail (lightly wounded)
You breathe a wild blast of lightning!
You hear a mighty clap of thunder!
The bolt of lightning hits the orc warrior!!
The bolt of lightning misses the orc warrior.
You hear a mighty clap of thunder!
The bolt of lightning misses the orc warrior.
The orb of electricity explodes!
The orb of electricity engulfs the orc warrior but does no damage.
The orb of electricity engulfs you. You resist.
The orc warrior hits you with a +0 flail.
Aim: an orc warrior, wielding a +0 flail and wearing a +0 chain mail (severely wounded, 80% to hit)
The blast of sand hits the orc warrior but does no damage.
The orc warrior closely misses you.
Aim: an orc warrior, wielding a +0 flail and wearing a +0 chain mail (severely wounded, 80% to hit)
The blast of sand hits the orc warrior.
The orc warrior hits you with a +0 flail.
The orc warrior barely misses you.
Aim: an orc warrior, wielding a +0 flail and wearing a +0 chain mail (severely wounded, 80% to hit)
You miscast Sandblast.
You are very lightly contaminated with residual magic.
Nothing appears to happen.
The orc warrior barely misses you.
Aim: an orc warrior, wielding a +0 flail and wearing a +0 chain mail (severely wounded, 80% to hit)
The blast of sand hits the orc warrior but does no damage.
The orc warrior hits you but does no damage.
Aim: an orc warrior, wielding a +0 flail and wearing a +0 chain mail (severely wounded, 80% to hit)
The blast of sand hits the orc warrior but does no damage.
The orc warrior hits you with a +0 flail. x2
The orc warrior attacks as you move away!
The orc warrior hits you with a +0 flail!
* * * LOW HITPOINT WARNING * * *
Your magical contamination has completely faded away.
Aim: an orc warrior, wielding a +0 flail and wearing a +0 chain mail (severely wounded, 80% to hit)
The blast of sand hits the orc warrior but does no damage.
The orc warrior hits you with a +0 flail!
* * * LOW HITPOINT WARNING * * *
Okay, then.
You feel better. The orc warrior misses you.
Unknown command.
Okay, then.
Aim: an orc warrior, wielding a +0 flail and wearing a +0 chain mail (severely wounded, 80% to hit)
The blast of sand hits the orc warrior but does no damage.
You have got your breath back.
The orc warrior hits you with a +0 flail!
* * * LOW HITPOINT WARNING * * *
The orc warrior hits you with a +0 flail!
You die...

.......###### #.....##
............#####.....#
.#..........'.......♣.#
.#..........###.......#
#......###### #.♣.<...#
#..)...# #.......#
#......## ##....♣##
........# #....#
###.#.#.###
#@##############
#...#.#...##
#o#............#
#.###.###..##
#.#.#####.###.##
#.#.....#...# #.#.#
###.# #.#
#.#######.#.####.#.#
#.#.# #.#
..≈≈≈≈≈≈≈.#.##..>#.#
#.#.# #.#
#.#######.#.##.#.#.#
#.#.# #.#
#.#.....#......#.#.#
#.#.# #.#
#.###.###.#........#
#.### #.#


You could see an orc warrior.

Vanquished Creatures
  2 black bears
  2 scorpions
  Dowan (D:3)
  2 hounds
  An orc priest (D:4)
  A gnoll bouda (D:4)
  2 jellies (D:5)
  4 iguanas
  An orc wizard (D:4)
  5 gnolls
  5 adders
  3 worms
  10 orcs
  6 bats
  10 endoplasms
  7 giant cockroaches
  7 goblins
  2 hobgoblins (D:3)
  4 jackals (D:3)
  4 kobolds
  6 quokkas
  12 ball pythons
  3 frilled lizards
  6 rats
106 creatures vanquished.

Notes
Turn   | Place    | Note
-------+----------+-------------------------------------------
     0 | D:1      | dmks the Draconian Earth Elementalist began the quest for
                  | the Orb.
     0 | D:1      | Reached XP level 1. HP: 14/14 MP: 3/3
   287 | D:1      | Reached XP level 2. HP: 20/20 MP: 1/5
   623 | D:1      | Found Venakkaw's Book Emporium.
   912 | D:2      | Reached XP level 3. HP: 26/26 MP: 3/6
  1239 | D:2      | Found a faded altar of an unknown god.
  1275 | D:2      | Found Bade's Book Shop.
  1573 | D:2      | Reached XP level 4. HP: 33/33 MP: 5/8
  1598 | D:2      | You fall into a shaft and drop 2 floors!
  1760 | D:3      | Found an opulent altar of Gozag.
  2666 | D:4      | Noticed Duvessa
  2672 | D:4      | Noticed Dowan
  2742 | D:3      | Learned a level 2 spell: Passwall
  2743 | D:4      | Noticed a black bear
  2749 | D:4      | Reached XP level 5. HP: 38/38 MP: 7/9
  2900 | D:3      | Gained mutation: You are somewhat resistant to further
                  | mutation. [potion of mutation]
  2900 | D:3      | Gained mutation: Your spells are a little easier to cast,
                  | but a little less powerful. [potion of mutation]
  3722 | D:5      | Entered Level 5 of the Dungeon
  3866 | D:5      | Noticed a black bear
  3876 | D:5      | Killed a black bear
  3877 | D:5      | Reached XP level 6. HP: 39/45 MP: 5/11
  4127 | D:5      | Noticed a steam dragon
  4374 | D:6      | Noticed an orc warrior
  4727 | D:4      | Learned a level 3 spell: Stone Arrow
  5087 | D:4      | Your scales start taking on a glossy black colour.
  5087 | D:4      | Reached XP level 7. HP: 48/50 MP: 7/13
  5087 | D:4      | Gained mutation: You are resistant to electric shocks.
                  | (rElec) [Black Draconian growth]
  7342 | D:2      | Bought a book of Air for 242 gold pieces
  7344 | D:2      | Learned a level 1 spell: Shock
  7372 | D:3      | Killed Dowan
  7517 | D:5      | Reached skill level 1 in Air Magic
  7764 | D:4      | Slain by an orc warrior

Illustrated notes

Levels and vault maps discovered:
D:1:      dpeg_arrival_more_subterranean_lakeside_camping, layout_basic,
          serial_shops, nicolae_shop_hallway_stairs, minmay_liquid_box,
          fountainhead, minmay_shallow_snake_nest
D:2:      layout_rooms, serial_shops, nicolae_shop_stone,
          hellmonk_ecumenical_altar_defaced_shrine
D:3:      minmay_skewed_foursquare, layout_loops_ring,
          mainiacjoe_overflow_chevrons, minivault_23
D:4:      layout_basic, chequers_mini_garden, grunt_ministairs_1,
          grunt_decor_cap, uniq_duvessa
D:5:      layout_rooms
D:6:      layout_loops_cross, mainiacjoe_overflow_alcove_2, serial_bayou,
          serial_bayou_pond_d, serial_bayou_pond_b, serial_bayou_pond_e,
          serial_bayou_shore_a, serial_shops, nicolae_inconvenience_store,
          minivault_11, minmay_misc_feat_chi

Skill      XL: |  1  2  3  4  5  6  7 |
---------------+----------------------+-----
Stealth        | 2 3 |  3.9
Dodging        | 2 3 |  3.6
Spellcasting   | 3 4 |  4.4
Earth Magic    | 4 |  4.5
Transmutations | 2 |  2.8
Air Magic      | 1 |  1.0
Conjurations   | |  0.4

Action                   |  1- 3 |  4- 6 |  7- 9 || total
-------------------------+-------+-------+-------++-------
Melee: Whip              |       |       |     1 ||     1
 Cast: Sandblast         |    51 |   108 |   117 ||   276
       Stone Arrow       |       |     2 |       ||     2
       Shock             |       |       |     1 ||     1
 Abil: Breathe Lightning |       |       |     4 ||     4
  Use: Potion            |       |     5 |     1 ||     6
       Scroll            |       |    10 |     2 ||    12
Armor: Skin              |     9 |    53 |    50 ||   112
Dodge: Dodged            |    20 |   105 |    84 ||   209

Table legend: (Time is in decaauts)
 A = Elapsed time spent in this place.
 B = Non-inter-level travel time spent in this place.
 C = Inter-level travel time spent in this place.
 D = Time resting spent in this place.
 E = Time spent auto-exploring this place.
 F = Levels seen in this place.
 G = Mean time per level.
                   A        B        C        D        E       F      G
               +--------+--------+--------+--------+--------+-----+--------+
         Total |   7929 |   7347 |    582 |   2582 |   2771 |   6 | 1321.5 |
       Dungeon |   7929 |   7347 |    582 |   2582 |   2771 |   6 | 1321.5 |
               +--------+--------+--------+--------+--------+-----+--------+

Top non-repeatable levels by time:
     D:4: 2818 daAuts
     D:3: 1872 daAuts
     D:2: 1419 daAuts
     D:5: 816 daAuts
     D:1: 802 daAuts
     D:6: 201 daAuts
